 Dungeon Crawl Stone Soup version 0.31-a0-230-g09eb5fc4d3 (webtiles) character file.

Game seed: 5533224403472103156

428 qw the Shooter (level 6, -3/52 HPs)
             Began as a Minotaur Hexslinger on July 6, 2023.
             Slain by a gnoll bouda
             ... wielding a +0 club
              (7 damage)
             ... on level 4 of the Dungeon.
             The game lasted 00:01:32 (2726 turns).

qw the Shooter (Minotaur Hexslinger)                Turns: 2726, Time: 00:01:33

Health: -3/52      AC: 10    Str: 12    XL:     6   Next: 65%
Magic:  6/6        EV: 11    Int: 10    God:
Gold:   170        SH:  0    Dex: 15    Spells: 6/7 levels left

rFire   . . .        Y - +1 sling
rCold   . . .        (no shield)
rNeg    . . .        d - +0 ring mail
rPois   .            (helmet restricted)
rElec   .            h - +0 cloak
rCorr   .            (no gloves)
SInv    .            (no boots)
Will    .....        (no amulet) Stlth
                     e - +4 ring of protection
HPRegen 0.28/turn    (no ring)
MPRegen 0.10/turn

%: no passive effects
@: confused
A: horns 2, retaliatory headbutt
a: no special abilities


You were on level 4 of the Dungeon.
You visited 1 branch of the dungeon, and saw 4 of its levels.

You collected 198 gold pieces.
You spent 28 gold pieces at shops.


Innate Abilities, Weirdness & Mutations

You have a pair of horns on your head.
You reflexively headbutt those who attack you in melee.


   Skills:
 - Level 4.0 Fighting
 + Level 6.9 Ranged Weapons
 - Level 1.0 Armour
 - Level 2.1 Dodging
 - Level 1.0 Spellcasting
 - Level 2.0 Hexes


You had 6 spell levels left.
You knew the following spells:

 Your Spells              Type           Power      Damage    Failure   Level
a - Slow                  Hex            16%        N/A       34%         1

Your spell library contained the following spells:

 Spells                   Type           Power      Damage    Failure   Level
 Inner Flame              Hex/Fire       2%         N/A       83%         3
 Portal Projectile        Hex/Tloc       4%         N/A       83%         3
 Cause Fear               Hex            2%         N/A       98%         4

Inventory:

Hand Weapons
 Y - a +1 sling (weapon)
Armour
 d - a +0 ring mail (worn)
 h - a +0 cloak (worn)
Jewellery
 e - a +4 ring of protection (left hand)
Scrolls
 a - a scroll of teleportation
 i - a scroll of identify
Potions
 b - 2 potions of might {unknown}
 c - a potion of attraction {unknown}
 f - a potion of lignification {unknown}

Dungeon Overview and Level Annotations

Branches:
Dungeon (4/15)
 Temple: D:4-7

Altars:

Shops:
D:1 =!?


Message History

Your attacks no longer feel as feeble.
The goblin shouts!
You hear a roar!
You hear a shout!
The adder bites you.
The gnoll bouda hits you with a +0 club.
Something hits you but does no damage.
You hear a shout! x2
You feel less confused. The adder completely misses you.
The gnoll bouda hits you with a +0 club.
Something hits you but does no damage.
You shoot a sling bullet. The sling bullet hits the gnoll bouda.
The gnoll bouda is moderately wounded.
The adder bites you but does no damage. The gnoll bouda closely misses you.
Something hits you but does no damage. The adder barely misses you.
You furiously retaliate!
You headbutt the adder. You shoot a sling bullet.
The sling bullet hits the gnoll bouda.
The gnoll bouda is heavily wounded.
The adder closely misses you. The gnoll bouda closely misses you.
Something hits you.
You shoot a sling bullet. The sling bullet hits the gnoll bouda.
The gnoll bouda is severely wounded.
The adder misses you.
The gnoll bouda prays to its god.
The gnoll bouda is healed somewhat.
You hear some strange, mumbled words.
You are confused.
The adder barely misses you.
The gnoll bouda hits you with a +0 club.
Something hits you but does no damage. The adder bites you but does no damage.
The adder barely misses you.
The gnoll bouda hits you with a +0 club!
Something hits you but does no damage. The adder bites you but does no damage.
The gnoll bouda barely misses you.
You hear some strange, mumbled words.
A puff of flame appears from out of thin air!
The puff of flame misses you. The adder closely misses you.
The gnoll bouda closely misses you. Something hits you but does no damage.
The adder bites you but does no damage.
The gnoll bouda hits you with a +0 club!
You die...

.## #..#
#...######
....##..####.##
#..........#
####..######
#..# #.######..#
........).#
......S..##
...####@.# .
#{g# #g.##
##.).########.#
##.))..#.)).:...
##.....##)#
............#
.###....#####
##...#


You could see a gnoll bouda, an adder and a goblin.

Vanquished Creatures
  Sigmund (D:3)
  Robin (D:2)
  10 gnolls
  6 adders
  2 worms (D:3)
  3 dart slugs
  5 orcs
  3 bats
  6 endoplasms
  2 giant cockroaches
  12 goblins
  13 hobgoblins
  2 jackals (D:2)
  12 kobolds
  4 quokkas
  10 ball pythons
  4 frilled lizards
  8 rats
104 creatures vanquished.

Notes
Turn   | Place    | Note
-------+----------+-------------------------------------------
     0 | D:1      | qw the Minotaur Hexslinger began the quest for the Orb.
     0 | D:1      | Reached XP level 1. HP: 16/16 MP: 1/1
     0 | D:1      | 0 ||| qw: Version: 0.3-a-46-gb1f654a
     0 | D:1      | 0 ||| qw: Game counter: 1739
     0 | D:1      | 0 ||| qw: Melee chars always use a shield: true
     0 | D:1      | 0 ||| qw: God list: Okawaru
     0 | D:1      | 0 ||| qw: Allow faded altars: false
     0 | D:1      | 0 ||| qw: Do Orc after clearing Dungeon:15 true
     0 | D:1      | 0 ||| qw: Do second Lair branch before Depths: true
     0 | D:1      | 0 ||| qw: Lair rune preference: random
     0 | D:1      | 0 ||| qw: Goals: Normal
     0 | D:1      | 0 ||| PLANNING D:1-11
    78 | D:1      | Reached skill level 3 in Ranged Weapons
    94 | D:1      | Reached XP level 2. HP: 23/23 MP: 2/2
   193 | D:1      | Found a faded altar of an unknown god.
   201 | D:1      | Found Adiwnuho's Distillery.
   210 | D:1      | 210 ||| SHOPLISTING potion of cancellation (96 gold, have
                  | 23).
   210 | D:1      | 210 ||| SHOPLISTING potion of experience (600 gold, have
                  | 23).
   210 | D:1      | 210 ||| SHOPLISTING potion of resistance (120 gold, have
                  | 23).
   259 | D:1      | Found Biawuph's Jewellery Emporium.
   268 | D:1      | 268 ||| SHOPLISTING +5 ring of evasion (396 gold, have 35).
   268 | D:1      | 268 ||| SHOPLISTING amulet of Elemental Vulnerability
                  | {rPois rF-- rC-- AC+8} (421 gold, have 35).
   268 | D:1      | 268 ||| SHOPLISTING amulet of regeneration (330 gold, have
                  | 35).
   268 | D:1      | 268 ||| SHOPLISTING ring of resist corrosion (220 gold,
                  | have 35).
   268 | D:1      | 268 ||| SHOPLISTING ring of see invisible (165 gold, have
                  | 35).
   363 | D:1      | Reached XP level 3. HP: 29/29 MP: 3/3
   419 | D:1      | 419 ||| FLEEEEING.
   420 | D:1      | 420 ||| FLEEEEING.
   493 | D:1      | Found Mymut's Magic Scroll Boutique.
   500 | D:1      | 500 ||| SHOPLISTING scroll of enchant weapon (105 gold,
                  | have 35).
   500 | D:1      | 500 ||| BUYING scroll of identify (28 gold).
   500 | D:1      | Bought a scroll of identify for 28 gold pieces
   500 | D:1      | 500 ||| SHOPLISTING scroll of identify (28 gold, have 7).
   500 | D:1      | 500 ||| SHOPLISTING scroll of teleportation (42 gold, have
                  | 7).
   638 | D:1      | 638 ||| UPGRADING to +0 cloak.
   643 | D:1      | 643 ||| UPGRADING to +4 ring of protection.
   644 | D:1      | 644 ||| READING 2 scrolls labelled KYINOLUIRR.
   647 | D:1      | 647 ||| READING scroll labelled JUHOCLUCOT.
   648 | D:1      | 648 ||| READING scroll labelled WERGHEPHYIS.
   649 | D:1      | 649 ||| READING 3 scrolls of identify.
   649 | D:1      | 649 ||| IDENTIFYING bubbling ruby potion
   650 | D:1      | 650 ||| READING 2 scrolls of identify.
   650 | D:1      | 650 ||| IDENTIFYING murky brown potion
   651 | D:1      | 651 ||| DROPPING scroll of poison.
   652 | D:1      | 652 ||| DROPPING potion of brilliance.
   719 | D:2      | Reached skill level 4 in Ranged Weapons
   870 | D:2      | Reached XP level 4. HP: 36/36 MP: 4/4
  1074 | D:2      | Noticed Robin
  1079 | D:2      | Reached skill level 5 in Ranged Weapons
  1104 | D:2      | Killed Robin
  1105 | D:2      | 1105 ||| FLEEEEING.
  1106 | D:2      | 1106 ||| FLEEEEING.
  1107 | D:2      | 1107 ||| FLEEEEING.
  1108 | D:2      | 1108 ||| FLEEEEING.
  1109 | D:2      | 1109 ||| FLEEEEING.
  1110 | D:2      | 1110 ||| FLEEEEING.
  1111 | D:2      | 1111 ||| FLEEEEING.
  1112 | D:2      | 1112 ||| FLEEEEING.
  1113 | D:2      | 1113 ||| FLEEEEING.
  1114 | D:2      | 1114 ||| FLEEEEING.
  1115 | D:2      | 1115 ||| FLEEEEING.
  1116 | D:2      | 1116 ||| FLEEEEING.
  1117 | D:2      | 1117 ||| FLEEEEING.
  1118 | D:2      | 1118 ||| FLEEEEING.
  1119 | D:2      | 1119 ||| FLEEEEING.
  1120 | D:2      | 1120 ||| FLEEEEING.
  1121 | D:2      | 1121 ||| FLEEEEING.
  1122 | D:2      | 1122 ||| FLEEEEING.
  1123 | D:2      | 1123 ||| FLEEEEING.
  1124 | D:2      | 1124 ||| FLEEEEING.
  1125 | D:2      | 1125 ||| FLEEEEING.
  1126 | D:2      | 1126 ||| FLEEEEING.
  1127 | D:2      | 1127 ||| FLEEEEING.
  1128 | D:2      | 1128 ||| FLEEEEING.
  1129 | D:2      | 1129 ||| FLEEEEING.
  1130 | D:2      | 1130 ||| FLEEEEING.
  1131 | D:2      | 1131 ||| FLEEEEING.
  1132 | D:2      | 1132 ||| FLEEEEING.
  1133 | D:2      | 1133 ||| FLEEEEING.
  1134 | D:2      | 1134 ||| FLEEEEING.
  1135 | D:2      | 1135 ||| FLEEEEING.
  1136 | D:2      | 1136 ||| FLEEEEING.
  1137 | D:2      | 1137 ||| FLEEEEING.
  1138 | D:2      | 1138 ||| FLEEEEING.
  1139 | D:2      | 1139 ||| FLEEEEING.
  1140 | D:2      | 1140 ||| FLEEEEING.
  1141 | D:2      | 1141 ||| FLEEEEING.
  1142 | D:2      | 1142 ||| FLEEEEING.
  1143 | D:2      | 1143 ||| FLEEEEING.
  1144 | D:2      | 1144 ||| FLEEEEING.
  1145 | D:2      | 1145 ||| FLEEEEING.
  1146 | D:2      | 1146 ||| FLEEEEING.
  1147 | D:2      | 1147 ||| FLEEEEING.
  1148 | D:2      | 1148 ||| FLEEEEING.
  1149 | D:2      | 1149 ||| FLEEEEING.
  1150 | D:2      | 1150 ||| FLEEEEING.
  1151 | D:2      | 1151 ||| FLEEEEING.
  1152 | D:2      | 1152 ||| FLEEEEING.
  1153 | D:2      | 1153 ||| FLEEEEING.
  1154 | D:2      | 1154 ||| FLEEEEING.
  1155 | D:2      | 1155 ||| FLEEEEING.
  1156 | D:2      | 1156 ||| FLEEEEING.
  1157 | D:2      | 1157 ||| FLEEEEING.
  1158 | D:2      | 1158 ||| FLEEEEING.
  1159 | D:2      | 1159 ||| FLEEEEING.
  1160 | D:2      | 1160 ||| FLEEEEING.
  1162 | D:2      | 1162 ||| FLEEEEING.
  1254 | D:2      | Reached skill level 3 in Fighting
  1442 | D:2      | You fall into a shaft and drop 1 floor!
  1508 | D:3      | 1508 ||| UPGRADING to +0 ring mail.
  1518 | D:3      | 1518 ||| DROPPING +0 robe.
  1519 | D:3      | 1519 ||| READING scroll labelled KIARRE WASCHEL.
  1520 | D:3      | 1520 ||| READING scroll labelled HILIGAO DOCZAL.
  1527 | D:3      | 1527 ||| FLEEEEING.
  1528 | D:3      | 1528 ||| STAIRDANCE
  1770 | D:3      | Reached XP level 5. HP: 45/45 MP: 5/5
  1812 | D:3      | Reached skill level 1 in Armour
  2253 | D:3      | Noticed Sigmund
  2275 | D:3      | Killed Sigmund
  2276 | D:3      | Reached skill level 6 in Ranged Weapons
  2276 | D:3      | Reached XP level 6. HP: 40/51 MP: 6/6
  2628 | D:4      | 2628 ||| Stepping ~*~*~tactically~*~*~ (outnumbered).
  2656 | D:4      | 2656 ||| FLEEEEING.
  2657 | D:4      | 2657 ||| FLEEEEING.
  2658 | D:4      | 2658 ||| FLEEEEING.
  2659 | D:4      | 2659 ||| FLEEEEING.
  2660 | D:4      | 2660 ||| FLEEEEING.
  2714 | D:4      | HP: 11/52 [gnoll bouda/+0 club (8)]
  2715 | D:4      | 2715 ||| DRINKING potion of heal wounds.
  2722 | D:4      | HP: 12/52 [gnoll bouda/+0 club (4)]
  2723 | D:4      | HP: 4/52 [gnoll bouda/+0 club (9)]
  2726 | D:4      | Slain by a gnoll bouda

Levels and vault maps discovered:
D:1:      dpeg_arrival_arbitrary_c, layout_rooms, serial_shops, shop, shop,
          nicolae_shop_stone, hellmonk_ecumenical_altar_leap_of_faith,
          minmay_misc_feat_diagonals, st_stairs_14, minmay_misc_feat_iff
D:2:      layout_loops_ring, uniq_robin
D:3:      cheibrodos_helix_gallery, layout_loops_cross, uniq_sigmund
D:4:      cheibrodos_barr_body, layout_loops_corners

Skill      XL: |  1  2  3  4  5  6 |
---------------+-------------------+-----
Ranged Weapons | 3 4 5 6 |  6.9
Fighting       | 2 3 4 |  4.0
Armour         | 1 |  1.0
Dodging        | |  2.1
Spellcasting   | |  1.0
Hexes          | |  2.0

Action                     |  1- 3 |  4- 6 || total
---------------------------+-------+-------++-------
   Fire: Sling             |   110 |   265 ||   375
    Use: Scroll            |     5 |     2 ||     7
         Potion            |       |     1 ||     1
 Armour: Robe              |     7 |    21 ||    28
         Ring mail         |       |    61 ||    61
  Dodge: Dodged            |    24 |   122 ||   146

Table legend:
 A = Non-vault XP
 B = Vault XP
 C = Vault XP percentage of total XP
 D = Non-vault monster count
 E = Vault monster count
 F = Vault count percentage of total count
                 A         B        C        D         E       F
            +---------+---------+-------+---------+---------+-------
      Total |     343 |     269 |  44.0 |      86 |      18 |  17.3
            +---------+---------+-------+---------+---------+-------
        D:1 |      58 |       1 |   1.7 |      31 |       1 |   3.1
        D:2 |      89 |      37 |  29.4 |      17 |      13 |  43.3
        D:3 |      44 |     229 |  83.9 |      18 |       3 |  14.3
        D:4 |     152 |       2 |   1.3 |      20 |       1 |   4.8
            +---------+---------+-------+---------+---------+-------
